 Dungeon Crawl Stone Soup version 0.28-a0-1374-ga75cb3825e (webtiles) character file.

Game seed: 13153786184047358137

408 Clumpoid the Covered (level 6, 0/53 HPs)
             Began as a Ghoul Fighter on Dec 31, 2021.
             Slain by a phantom (7 damage)
             ... on level 4 of the Dungeon.
             The game lasted 00:03:17 (3447 turns).

Clumpoid the Covered (Ghoul Fighter)                Turns: 3447, Time: 00:03:18

Health: 0/53       AC:  8    Str: 32    XL:     6   Next: 88%
Magic:  5/5        EV: 10    Int:  5    God:
Gold:   102        SH:  4    Dex:  8    Spells: 5/5 levels left

rFire   . . .      SeeInvis .   a - +0 war axe
rCold   + . .      Faith    .   c - +0 buckler
rNeg    + + +      Spirit   .   b - +0 scale mail
rPois   ∞          Reflect  .   (no helmet)
rElec   .          Harm     .   (no cloak)
rCorr   .          Rampage  .   j - +0 pair of gloves
Will    .....                   (no boots)
Stlth   ..........              (no amulet)
HPRegen 0.00/turn               g - +6 ring of strength
MPRegen 0.09/turn               h - +6 ring of strength

@: inhibited regen
A: claws 1, cold resistance 1, negative energy resistance 3, inhibited
regeneration, torment resistance 2
a: no special abilities


You were on level 4 of the Dungeon.
You visited 1 branch of the dungeon, and saw 4 of its levels.

You collected 102 gold pieces.

Inventory:

Hand Weapons
 a - a +0 war axe (weapon)
Armour
 b - a +0 scale mail (worn)
 c - a +0 buckler (worn)
 j - a +0 pair of gloves (worn)
Jewellery
 g - a +6 ring of strength (left hand)
 h - a +6 ring of strength (right hand)
 i - a ring of magical power
 m - an amulet of regeneration
Wands
 d - a wand of mindburst (1)
Scrolls
 f - a scroll of fog
 l - a scroll of teleportation
Potions
 e - 2 potions of curing
 k - 2 potions of attraction
 o - a potion of flight


   Skills:
 - Level 4.6 Fighting
 * Level 4.2 Axes
 * Level 4.8 Armour
 - Level 2.6 Shields


You had 5 spell levels left.
You didn't know any spells.
Your spell library was empty.

Dungeon Overview and Level Annotations

Branches:
Dungeon (4/15)
 Temple: D:4-7

Altars:

Shops:
D:3 [


Innate Abilities, Weirdness & Mutations

You thrive by killing the living.
You are immune to poison.
You have sharp fingernails.
Your flesh is cold resistant. (rC+)
You are immune to negative energy. (rN+++)
You do not regenerate when monsters are visible.
You are immune to unholy pain and torment.


Message History

* * * LOW HITPOINT WARNING * * *
The phantom blinks!
You blink.
Found 18 poisoned darts.
The phantom barely misses you.
You closely miss the phantom.
The phantom is heavily damaged.
You block the phantom's attack.
The phantom hits you but does no damage.
You closely miss the phantom.
The phantom is heavily damaged.
The phantom hits you but does no damage.
You barely miss the phantom.
The phantom is heavily damaged.
The phantom hits you but does no damage.
The hound skeleton barely misses you.
The phantom hits you but does no damage.
You miss the phantom.
The phantom is heavily damaged.
You slash the hound skeleton! The hound skeleton misses you.
The phantom misses you. The hound skeleton barely misses you.
You hit the phantom.
The phantom is heavily damaged.
You slash the hound skeleton! The hound skeleton closely misses you.
You block the phantom's attack.
You closely miss the phantom.
The phantom is heavily damaged.
You slash the hound skeleton!
You destroy the hound skeleton!
The phantom hits you.
* * * LOW HITPOINT WARNING * * *
The phantom hits you but does no damage.
You barely miss the phantom.
The phantom is moderately damaged.
The phantom barely misses you.
You closely miss the phantom.
The phantom is moderately damaged.
The phantom hits you but does no damage.
You slash the phantom!
The phantom is severely damaged.
The phantom closely misses you. The phantom hits you!
You die...

####### ######.......
#######...........(
#.................. ####
#.........@........
...####...†....$W........
..............###########
.†.............Z...
..............#######
............).§......
...######....§#### ...#
#.....# ...# #######


You could see a phantom.

Vanquished Creatures
  An ogre (D:4)
  An ice beast (D:4)
  A bullfrog (D:4)
  Ijyb (D:3)
  A hound skeleton (D:4)
  Robin (D:3)
  2 adders
  An ufetubus (D:2)
  An adder skeleton (D:4)
  2 worms (D:2)
  3 dart slugs (D:1)
  3 orcs (D:4)
  9 ball pythons
  4 endoplasms
  A giant cockroach (D:1)
  14 goblins
  9 hobgoblins
  3 jackals (D:1)
  4 kobolds
  3 quokkas (D:3)
  4 bats
  3 frilled lizards (D:2)
  4 rats (D:1)
76 creatures vanquished.

Notes
Turn   | Place    | Note
-------+----------+-------------------------------------------
     0 | D:1      | Clumpoid the Ghoul Fighter began the quest for the Orb.
     0 | D:1      | Reached XP level 1. HP: 19/19 MP: 0/0
   123 | D:1      | Reached XP level 2. HP: 26/26 MP: 1/1
   917 | D:1      | Reached XP level 3. HP: 31/31 MP: 2/2
  2226 | D:3      | Found Zaroer's Armour Boutique.
  2270 | D:3      | Reached XP level 4. HP: 37/40 MP: 3/3
  2372 | D:3      | Noticed Robin
  2387 | D:3      | Killed Robin
  2603 | D:3      | Identified the +4 chain mail of the Alphagorgon {-Cast +Inv
                  | Dex+2}
  2625 | D:3      | Found a faded altar of an unknown god.
  2706 | D:3      | Noticed Ijyb
  2719 | D:3      | Killed Ijyb
  2720 | D:3      | Reached XP level 5. HP: 24/46 MP: 4/4
  2991 | D:4      | Noticed an ogre
  2997 | D:4      | Killed an ogre
  3069 | D:4      | Noticed an ice beast
  3070 | D:4      | Reached XP level 6. HP: 31/53 MP: 5/5
  3202 | D:4      | Killed an ice beast
  3447 | D:4      | Slain by a phantom

Illustrated notes

Levels and vault maps discovered:
D:1:      lightli_arrival_quake, layout_basic, minmay_ruptured
D:2:      layout_loops_cross, minmay_misc_feat_hallway
D:3:      layout_rooms, chequers_ecumenical_altar_simple_redux, serial_shops,
          nicolae_shop_hallway_stairs, uniq_robin, uniq_ijyb
D:4:      layout_basic, minmay_door_square

Skill      XL: |  1  2  3  4  5  6 |
---------------+-------------------+-----
Axes           | 2 3 4 |  4.2
Armour         | 3 4 |  4.8
Fighting       | 4 |  4.6
Shields        | |  2.6

Action                   |  1- 3 |  4- 6 || total
-------------------------+-------+-------++-------
Melee: War axe           |   124 |   125 ||   249
Evoke: Wand              |       |     3 ||     3
  Use: Scroll            |     5 |     1 ||     6
       Potion            |     3 |     3 ||     6
Armor: Scale mail        |    75 |    79 ||   154
Dodge: Dodged            |    85 |    98 ||   183
Block: Buckler           |    31 |    33 ||    64

Table legend: (Time is in decaauts)
 A = Elapsed time spent in this place.
 B = Non-inter-level travel time spent in this place.
 C = Inter-level travel time spent in this place.
 D = Time resting spent in this place.
 E = Time spent auto-exploring this place.
 F = Levels seen in this place.
 G = Mean time per level.
                   A        B        C        D        E       F      G
               +--------+--------+--------+--------+--------+-----+--------+
         Total |   3526 |   3426 |    100 |    740 |   2101 |   4 |  881.5 |
       Dungeon |   3526 |   3426 |    100 |    740 |   2101 |   4 |  881.5 |
               +--------+--------+--------+--------+--------+-----+--------+

Top non-repeatable levels by time:
     D:1: 1176 daAuts
     D:2: 1097 daAuts
     D:3: 917 daAuts
     D:4: 334 daAuts
